NCAA
BAYLOR BEARS @ ARKANSAS RAZORBACKS
05/08/2030
 
TOP OF THE 1ST
Baylor Bears batting - Pitching for Arkansas Razorbacks : RHP Todd Harvey
Pitching: RHP Todd Harvey
Batting: RHB Reed Allen 0-0: Called Strike
0-1: Bunt missed!
0-2: Foul Ball, location: 2F
0-2: Fly out, F8 (Line Drive, 78D)
Batting: RHB Richard Jeffries 0-0: Ball
1-0: Called Strike
1-1: Ball
2-1: Ball
3-1: Swinging Strike
3-2: Foul Ball, location: 2F
3-2: Strikes out looking
Batting: RHB Gerald Taylor 0-0: Called Strike
0-1: Ball
1-1: Ball
2-1: Fly out, F7 (Flyball, 7S)
Top of the 1st over - 0 runs, 0 hits, 0 errors, 0 left on base; Baylor 0 - Arkansas 0
BOTTOM OF THE 1ST
Arkansas Razorbacks batting - Pitching for Baylor Bears : RHP Doug Roberts
Pitching: RHP Doug Roberts
Batting: SHB Curt Kemp 0-0: Swinging Strike
0-1: Ball
1-1: TRIPLE (Line Drive, 8LXD)
Batting: RHB Peter Harris 0-0: Called Strike
0-1: Ball
1-1: Called Strike
1-2: Ball
2-2: Foul Ball, location: 2F
2-2: Ball
3-2: Foul Ball, location: 2F
3-2: Foul Ball, location: 2F
3-2: Base on Balls
Batting: RHB Stuart Mitchell 0-0: Ball
1-0: Swinging Strike
1-1: Ball
2-1: Ball
3-1: Foul Ball, location: 2F
3-2: Strikes out looking
Batting: LHB Juan Fernández 0-0: Foul Ball, location: 2F
0-1: Ball
1-1: Ball
2-1: Called Strike
2-2: Foul Ball, location: 2F
2-2: Ball
3-2: Foul Ball, location: 2F
3-2: SINGLE (Line Drive, 4M)
Curt Kemp scores
Peter Harris to second
Batting: SHB Bryan Gray 0-0: Fly out, F6 (Line Drive, 6M)
Batting: RHB Craig Hicks 0-0: Ball
1-0: Called Strike
1-1: Foul Ball, location: 2F
1-2: DOUBLE (Line Drive, 78XD)
Peter Harris scores
Juan Fernández to third
Batting: RHB Cy Wilcox 0-0: Ball
1-0: Ball
2-0: Ball
3-0: Base on Balls
Batting: RHB Matt López 0-0: Ball
1-0: Ball
2-0: SINGLE (Groundball, 34D)
Juan Fernández scores
Craig Hicks to third
Cy Wilcox to second
Runner from 3rd tries for Home, SAFE, throw made home
Batting: RHB Luis Manuel Chacón 0-0: Called Strike
0-1: Swinging Strike
0-2: Strikes out swinging
Bottom of the 1st over - 4 runs, 4 hits, 0 errors, 2 left on base; Baylor 0 - Arkansas 4
TOP OF THE 2ND
Baylor Bears batting - Pitching for Arkansas Razorbacks : RHP Todd Harvey
Batting: LHB Alan Jones 0-0: Swinging Strike
0-1: Called Strike
0-2: Strikes out swinging
Batting: RHB Doug Carter 0-0: Ground out 1-3 (Groundball, 15)
Batting: RHB Santiago Hernández 0-0: Ball
1-0: Ball
2-0: Foul Ball, location: 2F
2-1: Ball
3-1: Base on Balls
Batting: RHB Denny Dennis 0-0: Ball
Santiago Hernández steals 2nd base
1-0: Called Strike
1-1: Ball
2-1: Foul Ball, location: 2F
2-2: Ball
3-2: Base on Balls
Batting: RHB Bryan Clifton 0-0: Ball
1-0: Called Strike
1-1: Fly out, F9 (Flyball, 89M)
Top of the 2nd over - 0 runs, 0 hits, 0 errors, 2 left on base; Baylor 0 - Arkansas 4
BOTTOM OF THE 2ND
Arkansas Razorbacks batting - Pitching for Baylor Bears : RHP Doug Roberts
Batting: SHB Curt Kemp 0-0: Called Strike
0-1: Ball
1-1: SINGLE (Groundball, 56D)
Batting: RHB Peter Harris 0-0: Ball
1-0: Ball
2-0: Called Strike
2-1: Ball
3-1: Base on Balls
Curt Kemp to second
Batting: RHB Stuart Mitchell 0-0: Swinging Strike
0-1: Foul Ball, location: 2F
0-2: Ball
1-2: Foul Ball, location: 2F
1-2: Strikes out swinging
Batting: LHB Juan Fernández 0-0: SINGLE (Flyball, 7LS)
Curt Kemp to third
Peter Harris to second
Runner from 3rd tries for Home, SAFE, no throw
Batting: SHB Bryan Gray 0-0: Grounds into double play, 4-6-3 (Groundball, 34)
Bottom of the 2nd over - 1 run, 2 hits, 0 errors, 1 left on base; Baylor 0 - Arkansas 5
TOP OF THE 3RD
Baylor Bears batting - Pitching for Arkansas Razorbacks : RHP Todd Harvey
Batting: RHB Steve Ramírez 0-0: Called Strike
0-1: Ground out 5-3 (Groundball, 56S)
Batting: RHB Reed Allen 0-0: Called Strike
0-1: Ball
1-1: Ball
2-1: Swinging Strike
2-2: Foul Ball, location: 2F
2-2: Foul Ball, location: 2F
2-2: Ball
3-2: Foul Ball, location: 2F
3-2: Foul Ball, location: 2F
3-2: Base on Balls
Batting: RHB Richard Jeffries 0-0: Ball
1-0: Ball
2-0: Called Strike
2-1: Ball
3-1: Base on Balls
Reed Allen to second
Batting: RHB Gerald Taylor 0-0: Ball
1-0: Called Strike
1-1: Ball
Reed Allen steals 3rd base
2-1: Foul Ball, location: 2F
2-2: Ball
3-2: Foul Ball, location: 2F
3-2: Ground out 3-1 (Groundball, 3)
Reed Allen scores
Richard Jeffries to second
Batting: LHB Alan Jones 0-0: Ball
1-0: Reached on error, E6 (Groundball, 6)
Richard Jeffries to third
Batting: RHB Doug Carter 0-0: Called Strike
0-1: Ball
1-1: Ball
2-1: Ball
3-1: Base on Balls
Alan Jones to second
Batting: RHB Santiago Hernández 0-0: Ball
1-0: Ball
2-0: Foul Ball, location: 2F
2-1: Called Strike
2-2: Ball
3-2: Foul Ball, location: 2F
3-2: Base on Balls
Richard Jeffries scores
Alan Jones to third
Doug Carter to second
Batting: RHB Denny Dennis 0-0: Swinging Strike
0-1: Ball
1-1: Ball
2-1: Swinging Strike
2-2: Fly out, F8 (Flyball, 8LD)
Top of the 3rd over - 2 runs, 0 hits, 1 error, 3 left on base; Baylor 2 - Arkansas 5
BOTTOM OF THE 3RD
Arkansas Razorbacks batting - Pitching for Baylor Bears : RHP Doug Roberts
Batting: RHB Craig Hicks 0-0: Ball
1-0: Ball
2-0: Called Strike
2-1: Ball
3-1: Ground out 5-3 (Groundball, 5)
Batting: RHB Cy Wilcox 0-0: Ground out U3 (Groundball, 34S)
Batting: RHB Matt López 0-0: Called Strike
0-1: Ball
1-1: Swinging Strike
1-2: Foul Ball, location: 2F
1-2: Ball
2-2: Fly out, F8 (Flyball, 78D)
Bottom of the 3rd over - 0 runs, 0 hits, 0 errors, 0 left on base; Baylor 2 - Arkansas 5
TOP OF THE 4TH
Baylor Bears batting - Pitching for Arkansas Razorbacks : RHP Todd Harvey
Batting: RHB Bryan Clifton 0-0: Ball
1-0: Ball
2-0: Hit by Pitch
Batting: RHB Steve Ramírez 0-0: Ball
1-0: Ball
2-0: Ball
3-0: Base on Balls
Bryan Clifton to second
Pitching: RHP Jeremy White
Batting: RHB Reed Allen 0-0: Called Strike
0-1: Foul Ball, location: 2F
0-2: Ball
1-2: Ball
2-2: Ball
3-2: Fielders Choice at 2nd, 5-4 (Groundball, 56)
Bryan Clifton to third
Batting: RHB Richard Jeffries 0-0: Foul Ball, location: 2F
0-1: Ball
1-1: Ball
2-1: Foul Ball, location: 2F
2-2: Strikes out swinging
Batting: RHB Gerald Taylor 0-0: Called Strike
0-1: Called Strike
0-2: Ball
1-2: Ball
2-2: Foul Ball, location: 2F
2-2: Ball
3-2: Foul Ball, location: 2F
3-2: Fly out, F8 (Flyball, 8LM)
Top of the 4th over - 0 runs, 0 hits, 0 errors, 2 left on base; Baylor 2 - Arkansas 5
BOTTOM OF THE 4TH
Arkansas Razorbacks batting - Pitching for Baylor Bears : RHP Doug Roberts
Batting: RHB Luis Manuel Chacón 0-0: Called Strike
0-1: SINGLE (Groundball, 56) (infield hit)
Batting: SHB Curt Kemp 0-0: Ball
1-0: Swinging Strike
1-1: Ball
2-1: Foul Ball, location: 2F
2-2: Ball
3-2: Base on Balls
Luis Manuel Chacón to second
Pitching: RHP José Aguilar
Batting: RHB Peter Harris 0-0: Called Strike
0-1: Fly out, F8 (Flyball, 8RM)
Batting: RHB Stuart Mitchell 0-0: SINGLE (Groundball, 34D)
Luis Manuel Chacón to third
Curt Kemp to second
Throwing error, E9
Luis Manuel Chacón scores
Curt Kemp to third
Stuart Mitchell to second
Batting: LHB Juan Fernández 0-0: Ground out 6-3 (Groundball, 6D)
Curt Kemp scores
Batting: SHB Bryan Gray 0-0: Called Strike
0-1: Foul Ball, location: 2F
0-2: Hit by Pitch
Batting: RHB Craig Hicks 0-0: Called Strike
0-1: Ball
1-1: Ball
2-1: Ground out 4-3 (Groundball, 4MS)
Bottom of the 4th over - 2 runs, 2 hits, 1 error, 2 left on base; Baylor 2 - Arkansas 7
TOP OF THE 5TH
Baylor Bears batting - Pitching for Arkansas Razorbacks : RHP Jeremy White
Batting: LHB Alan Jones 0-0: Swinging Strike
0-1: Ball
1-1: Ball
2-1: Ball
3-1: Base on Balls
Batting: RHB Doug Carter 0-0: Called Strike
0-1: Swinging Strike
0-2: Fly out, F4 (Popup, 34)
Batting: RHB Santiago Hernández 0-0: Called Strike
0-1: Fielders Choice at 2nd, 4-6 (Groundball, 4)
Batting: RHB Denny Dennis 0-0: Ball
1-0: Called Strike
Santiago Hernández is caught stealing 2nd base
Top of the 5th over - 0 runs, 0 hits, 0 errors, 0 left on base; Baylor 2 - Arkansas 7
BOTTOM OF THE 5TH
Arkansas Razorbacks batting - Pitching for Baylor Bears : RHP José Aguilar
Batting: RHB Cy Wilcox 0-0: Fly out, F7 (Flyball, 78S)
Batting: RHB Matt López 0-0: Swinging Strike
0-1: Ball
1-1: Fly out, F1 (Line Drive, 13)
Batting: RHB Luis Manuel Chacón 0-0: Ball
1-0: Called Strike
1-1: Ground out 6-3 (Groundball, 56)
Bottom of the 5th over - 0 runs, 0 hits, 0 errors, 0 left on base; Baylor 2 - Arkansas 7
TOP OF THE 6TH
Baylor Bears batting - Pitching for Arkansas Razorbacks : RHP Jeremy White
Batting: RHB Denny Dennis 0-0: Ball
1-0: Ball
2-0: Ball
3-0: Base on Balls
Batting: RHB Bryan Clifton 0-0: Fly out, F9 (Flyball, 9LM)
Batting: RHB Steve Ramírez 0-0: Called Strike
0-1: Foul Ball, location: 2F
0-2: Strikes out swinging
Batting: RHB Reed Allen 0-0: Ball
1-0: Called Strike
1-1: Foul Ball, location: 2F
1-2: Fly out, F4 (Line Drive, 4M)
Top of the 6th over - 0 runs, 0 hits, 0 errors, 1 left on base; Baylor 2 - Arkansas 7
BOTTOM OF THE 6TH
Arkansas Razorbacks batting - Pitching for Baylor Bears : RHP José Aguilar
Batting: SHB Curt Kemp 0-0: SINGLE (Line Drive, 7S)
Batting: RHB Peter Harris 0-0: Ball
1-0: Ball
2-0: Ball
3-0: Base on Balls
Curt Kemp to second
Batting: RHB Stuart Mitchell 0-0: Called Strike
0-1: Ball
1-1: 3-RUN HOME RUN (Flyball, 7LD), Distance : 336 ft
Batting: LHB Juan Fernández 0-0: Fly out, F9 (Flyball, 9LD)
Batting: SHB Bryan Gray 0-0: Foul Ball, location: 2F
0-1: Ball
1-1: SINGLE (Line Drive, 4D)
Batting: RHB Craig Hicks 0-0: Foul Ball, location: 2F
0-1: Ball
1-1: Ball
2-1: DOUBLE (Groundball, 5L)
Bryan Gray to third
Batting: RHB Cy Wilcox 0-0: Swinging Strike
0-1: Called Strike
0-2: SINGLE (Groundball, 56) (infield hit)
Bryan Gray scores
Craig Hicks to third
Batting: RHB Matt López 0-0: Swinging Strike
0-1: Swinging Strike
0-2: Foul Ball, location: 2F
0-2: Strikes out looking
Batting: RHB Luis Manuel Chacón 0-0: Fly out, F8 (Flyball, 8RD)
Bottom of the 6th over - 4 runs, 5 hits, 0 errors, 2 left on base; Baylor 2 - Arkansas 11
TOP OF THE 7TH
Baylor Bears batting - Pitching for Arkansas Razorbacks : RHP Jeremy White
Batting: RHB Richard Jeffries 0-0: Ball
1-0: Ball
2-0: Fly out, F8 (Flyball, 8LD)
Batting: RHB Gerald Taylor 0-0: Ball
1-0: Ball
2-0: Ball
3-0: Called Strike
3-1: Foul Ball, location: 2F
3-2: Base on Balls
Batting: LHB Alan Jones 0-0: Ball
1-0: Ball
2-0: Foul Ball, location: 2F
2-1: Ball
3-1: Base on Balls
Gerald Taylor to second
Batting: RHB Doug Carter 0-0: Ball
1-0: Reached on error, E3 (Groundball, 34)
Gerald Taylor to third
Alan Jones to second
Batting: RHB Santiago Hernández 0-0: Swinging Strike
0-1: Called Strike
0-2: Strikes out swinging
Batting: RHB Denny Dennis 0-0: Called Strike
0-1: Fly out, F9 (Flyball, 9LMF)
Top of the 7th over - 0 runs, 0 hits, 1 error, 3 left on base; Baylor 2 - Arkansas 11
BOTTOM OF THE 7TH
Arkansas Razorbacks batting - Pitching for Baylor Bears : RHP José Aguilar
Pitching: LHP David Pérez
Batting: SHB Curt Kemp 0-0: Called Strike
0-1: Foul Ball, location: 2F
0-2: Ground out 5-3 (Groundball, 56)
Batting: RHB Peter Harris 0-0: Fly out, F7 (Line Drive, 7D)
Batting: RHB Stuart Mitchell 0-0: Fly out, F9 (Flyball, 9S)
Bottom of the 7th over - 0 runs, 0 hits, 0 errors, 0 left on base; Baylor 2 - Arkansas 11
TOP OF THE 8TH
Baylor Bears batting - Pitching for Arkansas Razorbacks : RHP Jeremy White
Batting: RHB Bryan Clifton 0-0: Called Strike
0-1: Swinging Strike
0-2: Ball
1-2: Ball
2-2: Fly out, F3 (Flyball, 34D)
Batting: RHB Steve Ramírez 0-0: Ball
1-0: Ball
2-0: Foul Ball, location: 2F
2-1: Called Strike
2-2: Ball
3-2: Fly out, F8 (Flyball, 8RS)
Batting: RHB Reed Allen 0-0: Swinging Strike
0-1: Swinging Strike
0-2: Ball
1-2: Strikes out swinging
Top of the 8th over - 0 runs, 0 hits, 0 errors, 0 left on base; Baylor 2 - Arkansas 11
BOTTOM OF THE 8TH
Arkansas Razorbacks batting - Pitching for Baylor Bears : LHP David Pérez
Batting: LHB Juan Fernández 0-0: Called Strike
0-1: Called Strike
0-2: Reached via error on a dropped throw, E3
Batting: SHB Bryan Gray 0-0: Called Strike
0-1: Ball
1-1: Ball
2-1: Ball
3-1: SINGLE (Flyball, 7S)
Juan Fernández to second
Batting: RHB Craig Hicks 0-0: Fly out, F9 (Flyball, 9LS)
Batting: RHB Cy Wilcox 0-0: Foul Ball, location: 2F
0-1: Ball
1-1: Ball
2-1: Ball
3-1: Grounds into double play, 6-4-3 (Groundball, 6)
Bottom of the 8th over - 0 runs, 1 hit, 1 error, 1 left on base; Baylor 2 - Arkansas 11
TOP OF THE 9TH
Baylor Bears batting - Pitching for Arkansas Razorbacks : RHP Jeremy White
Batting: RHB Richard Jeffries 0-0: Ball
1-0: Called Strike
1-1: Swinging Strike
1-2: Ball
2-2: Fly out, F8 (Flyball, 8LM)
Pitching: RHP Pablo Caro
Pinch Hitting: RHB Will Harris 0-0: Ball
1-0: Ball
2-0: Foul Ball, location: 2F
2-1: Called Strike
2-2: Foul Ball, location: 2F
2-2: Fly out, F7 (Flyball, 7LM)
Batting: LHB Alan Jones 0-0: Fly out, F2 (Popup, 23F)
Top of the 9th over - 0 runs, 0 hits, 0 errors, 0 left on base; Baylor 2 - Arkansas 11
Saturday, April 7th, 2018 - OOTP Baseball 18.8 Build 76